 Dungeon Crawl Stone Soup version 0.28-a0-1038-g9c4cb8273d (webtiles) character file.

Game seed: 4803256476628791626

452 tilp the Chiller (level 6, -1/25 HPs)
             Began as a Felid Ice Elementalist on Dec 8, 2021.
             Killed from afar by a white imp (4 damage)
             ... with a puff of frost
             ... on level 5 of the Dungeon.
             The game lasted 00:07:12 (6189 turns).

tilp the Chiller (Felid Ice Elementalist)           Turns: 6189, Time: 00:07:12

Health: -1/25      AC:  9    Str:  4    XL:     6   Next: 75%
Magic:  10/13      EV: 18    Int: 19    God:
Gold:   126        SH:  0    Dex: 18    Spells: 6/13 levels left
                                        Lives:  0   Deaths: 1

rFire   . . .      SeeInvis +     - Unarmed
rCold   . . .      Faith    .   (shield unavailable)
rNeg    . . .      Spirit   .   (armour unavailable)
rPois   .          Reflect  .   (helmet unavailable)
rElec   +          Harm     .   (cloak unavailable)
rCorr   .          Rampage  .   (gloves unavailable)
Will    .....                   (boots unavailable)
Stlth   +++.......              (no amulet)
HPRegen 0.08/turn               a - ring "Doadut" {Fly rElec Dex+2}
MPRegen 0.13/turn               (no ring)

@: ice-armoured, flying, quick
A: very small, claws 1, fangs 3, see invisible, speed 1, shaggy fur 2, stealthy
paws, no weapons or thrown items, no armour, multi-lived
a: no special abilities


You were on level 5 of the Dungeon.
You visited 1 branch of the dungeon, and saw 5 of its levels.

You collected 210 gold pieces.
You spent 84 gold pieces at shops.

Inventory:

Jewellery
 a - the ring "Doadut" (left paw) {Fly rElec Dex+2}
   (You acquired it on level 2 of the Dungeon)

   [ring of flight]

   Dex:       It affects your dexterity (+2).
   rElec:     It insulates you from electricity.
   Fly:       It grants you flight.
Scrolls
 f - a scroll of fear {unknown}
 j - a scroll of magic mapping {unknown}
Potions
 b - a potion of heal wounds {unknown}
 c - 3 potions of haste
 d - a potion of might {unknown}
 e - a potion of flight {unknown}
 g - a potion of attraction {unknown}
 h - a potion of curing
 k - 2 potions of lignification {unknown}


   Skills:
 + Level 1.2 Fighting
 + Level 3.4 Dodging
 + Level 3.5 Stealth
 + Level 2.5 Unarmed Combat
 - Level 4.0 Spellcasting
 - Level 6.0 Ice Magic


You had 6 spell levels left.
You knew the following spells:

 Your Spells              Type           Power      Damage    Failure   Level
a - Freeze                Ice            100%       1d11      1%          1
b - Frozen Ramparts       Ice            52%        1d7       3%          3
c - Ozocubu's Armour      Ice            26%        N/A       3%          3

Your spell library contained the following spells:

 Spells                   Type           Power      Damage    Failure   Level
 Scorch                   Fire           6%         2d5       21%         2
 Hailstorm                Conj/Ice       15%        3d5       36%         4
 Stone Arrow              Conj/Erth      6%         3d7       38%         3
 Flame Wave               Conj/Fire      3%         2d4       80%         4
 Summon Cactus Giant      Summ           1%         N/A       100%        6
 Lehudib's Crystal Spear  Conj/Erth      1%         10d2      100%        8
 Animate Armour           Summ/Erth      Unusable   N/A       N/A         4

Dungeon Overview and Level Annotations

Branches:
Dungeon (5/15)
 Temple: D:4-7

Altars:

Shops:
D:4 **[=[


Innate Abilities, Weirdness & Mutations

You have sharp claws.
You have razor-sharp teeth.
You have supernaturally acute eyesight. (SInv)
You cover ground quickly. (Speed+)
You are covered in thick fur. (AC +2)
Your paws help you pounce on unaware monsters.
You are incapable of wielding weapons or throwing items.
You cannot wear armour.
You gain extra lives every three experience levels.


Message History

Casting: Ozocubu's Armour (quite dangerous; 3% risk of failure)
Confirm with . or Enter, or press ? or * to list all spells.
The spell is quite dangerous to miscast (3% risk of failure)!
Continue anyway?
A film of ice covers your body! The white imp gestures at you.
The puff of frost hits you!
* * * LOW HITPOINT WARNING * * *
Unknown command.
Aiming: Throw Flame
Press: ? - help, Shift-Dir - straight line, f - white imp
Aim: a white imp (68% to hit)
The puff of flame misses the white imp.
The white imp barely misses you.
Unknown command.
Aiming: Throw Flame
Press: ? - help, Shift-Dir - straight line, f/p - white imp
Aim: a white imp (68% to hit)
The puff of flame hits the white imp.
The white imp is burned terribly!
The white imp is moderately wounded.
The white imp closely misses you.
Unknown command.
Aiming: Throw Flame
Press: ? - help, Shift-Dir - straight line, f/p - white imp
Aim: a white imp (moderately wounded, 68% to hit)
The puff of flame hits the white imp.
The white imp is burned terribly!
The white imp is severely wounded.
The now-empty wand crumbles to dust.
The white imp barely misses you.
Unknown command.
You aren't carrying any items that you can evoke.
Unknown command.
You aren't carrying any items that you can evoke.
You scratch the white imp.
The white imp is almost dead.
The white imp gestures at you. The puff of frost hits you!
* * * LOW HITPOINT WARNING * * *
You closely miss the white imp.
The white imp is severely wounded.
The white imp gestures at you. The puff of frost hits you.
You die...

### #.. #[#######
#........ #5.......
#@...# #....#
################....#
....................#
###############>....#
#........
###############...#.....
..........[...#.#.######
#############.#.#..


You could see a white imp.

Vanquished Creatures
  A scorpion (D:4)
  A centaur zombie (D:4)
  A bullfrog zombie (D:5)
  A hound (D:4)
  An orc priest (D:2)
  2 scorpion zombies (D:4)
  3 iguanas
  An orc wizard (D:2)
  3 hound zombies (D:4)
  8 adders
  4 adder zombies
  2 worms
  2 dart slugs (D:1)
  13 orcs
  7 endoplasms
  2 giant cockroaches
  5 goblins
  7 hobgoblins
  7 jackals
  3 kobolds
  3 quokkas
  12 ball pythons
  6 bats
  A frilled lizard (D:1)
  3 rats
99 creatures vanquished.

Vanquished Creatures (others)
  A fungus (D:1)
  3 plants (D:4)
4 creatures vanquished.

Grand Total: 103 creatures vanquished

Notes
Turn   | Place    | Note
-------+----------+-------------------------------------------
     0 | D:1      | tilp the Felid Ice Elementalist began the quest for the
                  | Orb.
     0 | D:1      | Reached XP level 1. HP: 7/7 MP: 4/4
    47 | D:1      | Reached skill level 1 in Unarmed Combat
   222 | D:1      | Reached XP level 2. HP: 11/11 MP: 0/6
   430 | D:1      | Found a faded altar of an unknown god.
  1080 | D:2      | Reached XP level 3. HP: 14/14 MP: 5/7
  1084 | D:2      | Learned a level 3 spell: Frozen Ramparts
  1167 | D:2      | Reached skill level 4 in Ice Magic
  1258 | D:2      | Reached XP level 4. HP: 3/18 MP: 2/8
  1825 | D:2      | Learned a level 3 spell: Ozocubu's Armour
  2182 | D:2      | Identified a scroll of acquirement
  2182 | D:2      | Acquired the ring "Doadut" {Fly rElec Dex+2}
  2498 | D:3      | Reached XP level 5. HP: 21/21 MP: 10/10
  2818 | D:3      | Reached skill level 5 in Ice Magic
  3141 | D:4      | Found Vakiphug's Jewellery Emporium.
  3145 | D:4      | Found Ogefoask's Antique Armour Emporium.
  3983 | D:4      | HP: 1/21 [centaur zombie (2)]
  3984 | D:4      | Slain by a centaur zombie
  3985 | D:4      | Reached XP level 4. HP: -1/18 MP: 9/10
  4051 | D:4      | Found Vaipro's Assorted Antiques.
  4109 | D:4      | Noticed a scorpion
  4117 | D:4      | Killed a scorpion
  4118 | D:4      | Reached XP level 5. HP: 5/21 MP: 9/11
  4560 | D:4      | Reached skill level 6 in Ice Magic
  4573 | D:4      | Gained mutation: You are covered in thick fur. (AC +2)
                  | [Felid growth]
  4573 | D:4      | Reached XP level 6. HP: 24/24 MP: 7/12
  4619 | D:4      | Found Ynoi's Antique Armour Shoppe.
  4845 | D:4      | Found Jodwot's Assorted Antiques.
  5326 | D:4      | Bought a scroll labelled YPTUAS XOLAZ for 22 gold pieces
  5326 | D:4      | Bought a murky brown potion for 19 gold pieces
  5370 | D:4      | Bought a murky brown potion for 20 gold pieces
  5370 | D:4      | Bought a scroll labelled LOGIOHY KEIDO for 23 gold pieces
  5625 | D:5      | Entered Level 5 of the Dungeon
  5731 | D:5      | Reached skill level 1 in Fighting
  6189 | D:5      | Killed from afar by a white imp

Illustrated notes

Levels and vault maps discovered:
D:1:      mushboom_english_gardens, layout_basic, shapermc_ecumenical_altar_gd,
          chequers_serial_rivers_micro_c, bh_walls_and_bars
D:2:      layout_basic
D:3:      layout_basic, minmay_distorted
D:4:      layout_loops_corners, serial_shops, nicolae_shop_advertising_works
          [nicolae_subvault_shop_adworks], nicolae_diamond_shop,
          kennysheep_mini, nicolae_shop_hallway_stairs, nicolae_stop_n_shop_1,
          serial_undead, serial_undead_a, serial_undead_a, serial_undead_d,
          serial_undead_d, serial_undead_f, serial_undead_f,
          guppyfry_early_lair_pool
D:5:      layout_basic

Skill      XL: |  1  2  3  4  5  6 |
---------------+-------------------+-----
Unarmed Combat | 1 2 |  2.5
Ice Magic      | 4 6 |  6.0
Spellcasting   | 3 4 |  4.0
Dodging        | 3 |  3.4
Stealth        | 3 |  3.5
Fighting       | 1 |  1.2

Action                   |  1- 3 |  4- 6 || total
-------------------------+-------+-------++-------
Melee: Unarmed           |    16 |   142 ||   158
       Bite              |     2 |    18 ||    20
 Cast: Freeze            |    32 |    47 ||    79
       Frozen Ramparts   |     2 |     9 ||    11
       Ozocubu's Armour  |       |    16 ||    16
Evoke: Wand              |       |    17 ||    17
  Use: Potion            |     2 |       ||     2
       Scroll            |       |     5 ||     5
 Stab: Sleeping          |     5 |    16 ||    21
       Invisible         |       |     1 ||     1
Armor: Skin              |       |    26 ||    26
Dodge: Dodged            |    28 |   158 ||   186

Table legend: (Time is in decaauts)
 A = Elapsed time spent in this place.
 B = Non-inter-level travel time spent in this place.
 C = Inter-level travel time spent in this place.
 D = Time resting spent in this place.
 E = Time spent auto-exploring this place.
 F = Levels seen in this place.
 G = Mean time per level.
                   A        B        C        D        E       F      G
               +--------+--------+--------+--------+--------+-----+--------+
         Total |   5588 |   5447 |    141 |   1134 |   3587 |   5 | 1117.6 |
       Dungeon |   5588 |   5447 |    141 |   1134 |   3587 |   5 | 1117.6 |
               +--------+--------+--------+--------+--------+-----+--------+

Top non-repeatable levels by time:
     D:4: 2142 daAuts
     D:2: 1025 daAuts
     D:3: 1002 daAuts
     D:1: 933 daAuts
     D:5: 484 daAuts
